AoeStats
← tavoo

Arabia

507924141Analyzed
1v1 RM · 13d ago on Sep 20, 2026· 24m 50s· 2 players
Game mode
Random Map
Map size
Tiny (2 player)
Population
200
Speed
Normal
Resources
Standard
Victory
Conquest
Starting age
Dark Age
Ending age
Imperial Age
RankedLock teamsTeams togetherTeam positionsShared explorationLock speedFull tech treeHidden civsTurbo modeCheats
Victory
Defeat
1385
+15
🇲🇽 Bulgarians · Mexico
1362
-15
tavoo
2:31 Loom
9:33 Feudal Age
10:18 Double-Bit Axe
12:21 Town Watch
13:35 Padded Archer Armor
13:28 Fletching
17:41 Padded Archer Armor
23:09 Castle Age
23:15 Horse Collar
Being born in the 90s was a gift
6:25 Loom
9:12 Feudal Age
13:40 Fletching
15:21 Town Watch
16:03 Padded Archer Armor
21:18 Castle Age
20:35 Horse Collar
21:12 Double-Bit Axe
21:55 Bodkin Arrow
21:22 Crossbowman
22:24 Gold Mining
23:31 Ballistics
24:33 Leather Archer Armor
Connection lost

Rejoining the realm…

Still unreachable

The connection could not be restored.

Session expired

The server has moved on; the page needs a fresh start.